Map: Ascension to Aiur LE

Players

destroyerguy

  • Race: Protoss Protoss
  • Spawn Location: 11:00

IKiLLSWiTCHI - Winner!

  • Race: Terran Terran
  • Spawn Location: 5:00

VOD

Have the link to the VOD?

Description

Time

  • Played on: Nov. 25, 2017, 9:23 p.m.
  • Length: 25:42
Show
View Real Time Build Order
Export as new Build Order

destroyerguy Protoss 

Build Orders: Double Forge 

Get SALT Encoding   

  12  0:01  Probe  
  13  0:15  Pylon  
  13  0:23  Probe  
  14  0:35  Probe  
  15  0:47  Probe  
  15  0:48  Gateway  
  16  0:59  Probe  
  17  1:05  Assimilator  
  17  1:08  Assimilator  
  18  1:11  Probe  
  18  1:23  Pylon, Probe  
  19  1:35  Probe  
  20  1:46  Cybernetics Core  
  20  1:47  Probe  
  20  1:52  Zealot  
  23  1:59  Probe  
  24  2:04  Gateway  
  24  2:11  Probe  
  25  2:23  Warp Gate (Chrono Boost)  
  25  2:24  Probe  
  26  2:36  Probe  
  27  2:48  Twilight Council  
  27  2:54  Zealot  
  27  2:55  Adept  
  31  3:23  Nexus  
  31  3:30  Assimilator  
  31  3:34  Assimilator  
  31  3:42  Pylon  
  31  3:49  Pylon  
  31  3:52  Charge (Chrono Boost)  
  31  4:25  Forge  
  31  4:27  Forge  
  31  4:40  Shield Battery  
  31  4:47  Adept x2  
  35  5:01  Gateway  
  35  5:03  Gateway  
  35  5:20  Pylon  
  35  5:23  Pylon  
  35  5:28  Pylon  
  35  5:41  Stalker x2  
  39  5:43  Stargate  
  39  5:44  Stargate  
  39  6:00  Protoss Ground Weapons Level 1  
  39  6:10  Protoss Ground Armor Level 1  
  39  6:15  Protoss Air Weapons Level 1 (Chrono Boost)  
  39  6:26  Adept x2  
  39  6:28  Stalker x2  
  47  6:34  Probe  
  48  6:43  Probe  
  48  6:46  Probe  
  50  6:58  Probe  
  51  7:10  Probe  
  52  7:20  Void Ray  
  52  7:22  Probe  
  57  7:25  Nexus  
  57  7:34  Probe  
  58  7:46  Probe  
  59  7:54  Protoss Shields Level 1  
  59  7:58  Probe  
  59  7:59  Protoss Air Armor Level 1  
  60  8:10  Probe  
  61  8:12  Void Ray  
  65  8:20  Nexus  
  65  8:22  Probe  
  65  8:24  Fleet Beacon  
  66  8:37  Photon Cannon  
  66  8:38  Photon Cannon  
  66  8:40  Probe  
  67  8:43  Probe  
  68  8:52  Probe  
  69  9:04  Probe x2  
  71  9:16  Probe x2  
  73  9:19  Stalker x2  
  77  9:28  Probe x2  
  79  9:40  Probe x3  
  82  9:47  Pylon  
  82  9:49  Pylon  
  82  9:51  Pylon  
  82  9:52  Probe  
  82  9:53  Probe  
  82  9:57  Probe  
  85  10:05  Probe x2  
  87  10:10  Probe  
  88  10:17  Probe  
  89  10:22  Probe  
  89  10:27  Tempest x2  
  102  10:29  Probe  
  103  10:39  Probe  
  103  10:41  Probe  
  105  10:43  Probe  
  106  10:50  Stalker  
  106  10:51  Stalker, Probe  
  106  10:53  Probe  
  106  10:55  Probe  
  113  11:00  Stalker  
  113  11:01  Stalker  
  113  11:03  Probe  
  118  11:05  Probe  
  118  11:07  Probe  
  118  11:10  Assimilator  
  120  11:14  Assimilator  
  120  11:15  Probe  
  120  11:17  Probe  
  122  11:20  Probe  
  123  11:27  Probe  
  123  11:29  Probe  
  123  11:32  Probe  
  126  12:07  Probe  
  127  12:10  Void Ray  
  127  12:11  Void Ray  
  135  12:18  Probe  
  135  12:19  Probe  
  137  12:28  Assimilator  
  137  12:31  Probe x2  
  137  12:33  Pylon  
  137  12:35  Pylon  
  137  12:36  Assimilator  
  139  12:38  Pylon  
  139  12:39  Pylon x2  
  139  12:41  Pylon  
  139  12:43  Probe  
  140  12:51  Probe  
  140  12:53  Void Ray  
  140  12:54  Void Ray  
  140  12:55  Probe  
  140  12:57  Protoss Ground Weapons Level 2 (Chrono Boost), Protoss Ground Armor Level 2 (Chrono Boost)  
  150  13:03  Protoss Air Weapons Level 2 (Chrono Boost)  
  150  13:04  Probe  
  151  13:07  Probe  
  152  13:13  Stalker  
  152  13:14  Stalker x3  
  152  13:16  Probe  
  161  13:27  Pylon  
  161  13:29  Pylon x2  
  161  13:31  Pylon, Probe  
  161  13:32  Pylon  
  161  13:33  Tempest (Chrono Boost)  
  162  13:36  Tempest (Chrono Boost)  
  174  13:43  Probe  
  175  13:50  Void Ray (Chrono Boost)  
  175  13:55  Probe  
  176  13:59  Tempest  
  176  14:07  Probe  
  187  14:19  Probe  
  188  14:32  Void Ray  
  192  14:41  Void Ray  
  196  14:48  Stalker  
  196  14:49  Stalker  
  200  15:03  Protoss Shields Level 2  
  200  15:08  Protoss Air Armor Level 2  
  126  17:05  Void Ray x2  
  134  17:10  Stalker x3  
  134  17:11  Stalker  
  142  17:27  Gateway  
  142  17:29  Gateway  
  142  17:34  Gateway  
  142  17:47  Void Ray  
  142  17:48  Void Ray  
  150  18:20  Stalker  
  150  18:21  Stalker x3  
  158  18:30  Void Ray x2  
  166  18:54  Stalker  
  166  18:55  Stalker  
  170  18:57  Adept x3  
  170  18:58  Adept x2  
  180  19:13  Carrier x2  
  192  19:28  Graviton Catapult  
  192  19:51  Resonating Glaives (Chrono Boost)  
  192  20:06  Stalker  
  192  20:07  Stalker x3  
  191  20:39  Carrier (Chrono Boost)  
  191  20:40  Carrier (Chrono Boost)  
  187  22:15  Mothership (Chrono Boost)  
  195  22:51  Protoss Air Armor Level 3  
  195  22:56  Protoss Ground Weapons Level 3, Protoss Ground Armor Level 3  
Show
View Real Time Build Order
Export as new Build Order

IKiLLSWiTCHI Terran - Winner!

Build Orders:  

Get SALT Encoding   

  12  0:13  Supply Depot  
  13  0:21  SCV  
  13  0:33  SCV  
  14  0:45  SCV  
  15  0:57  SCV, Barracks  
  15  1:02  Refinery  
  16  1:09  SCV  
  17  1:19  Engineering Bay  
  17  1:29  SCV  
  18  2:12  Factory  
  18  2:24  Barracks Reactor  
  18  2:33  Refinery  
  18  2:35  SCV  
  19  2:47  SCV  
  20  2:59  SCV  
  21  3:10  Factory Tech Lab  
  21  3:11  SCV  
  22  3:14  Marine  
  23  3:23  Supply Depot  
  23  3:30  Supply Depot  
  23  3:34  Supply Depot  
  23  3:42  Terran Infantry Weapons Level 1  
  23  3:45  SCV, Marine x2  
  26  4:03  Reaper x2  
  28  4:23  Armory  
  28  4:27  Siege Tank  
  31  4:35  Marine x2  
  33  4:52  Marine x2  
  35  5:03  Siege Tank  
  38  5:11  Reaper x2  
  40  5:36  Terran Infantry Armor Level 1  
  40  5:41  Starport  
  40  5:58  Thor  
  46  6:21  Command Center, Marine  
  47  6:29  Supply Depot  
  47  6:34  Supply Depot  
  47  6:39  Supply Depot  
  47  6:50  Reaper, SCV, Marine  
  50  7:03  SCV  
  50  7:04  Supply Depot  
  51  7:08  Reaper  
  51  7:15  SCV  
  53  7:21  Refinery  
  53  7:27  SCV  
  54  7:34  SCV  
  55  7:39  SCV  
  55  7:40  Thor  
  62  7:46  SCV  
  62  7:49  Starport Tech Lab  
  64  7:51  SCV  
  64  7:53  Terran Vehicle Weapons Level 1  
  64  7:59  SCV  
  64  8:03  SCV  
  66  8:11  SCV  
  66  8:12  Refinery  
  67  8:23  SCV  
  68  8:44  Banshee  
  71  8:58  Terran Infantry Weapons Level 2  
  71  9:02  Marine  
  71  9:03  Marine  
  73  9:12  Supply Depot  
  73  9:20  Marine x2  
  75  9:27  Banshee  
  78  9:38  Marine x2  
  80  9:47  Terran Vehicle And Ship Armor Level 1  
  80  9:56  Reaper, Marine  
  82  10:10  Viking  
  85  10:14  Reaper  
  85  10:21  Thor  
  91  10:40  Viking  
  93  11:05  Hellbat  
  93  11:10  Viking  
  97  11:14  Terran Infantry Armor Level 2  
  97  11:15  Missile Turret  
  97  11:25  Missile Turret  
  97  11:26  Hellbat  
  97  11:27  Missile Turret  
  99  11:33  Missile Turret  
  99  11:40  Viking  
  99  11:42  Terran Ship Weapons Level 1  
  99  11:44  Missile Turret  
  101  11:59  Sensor Tower  
  101  12:39  Fusion Core  
  101  13:35  Terran Vehicle Weapons Level 2  
  101  13:42  Supply Depot  
  101  13:48  Supply Depot  
  101  14:03  Banshee  
  101  14:04  Siege Tank  
  107  14:17  Marine x2  
  109  14:29  Supply Depot  
  109  14:35  Marine x2  
  109  14:36  Thor  
  117  14:49  Supply Depot  
  117  14:50  Banshee, Terran Infantry Weapons Level 3  
  120  14:53  Marine x2  
  122  15:11  Marine x2  
  124  15:19  Cyclone  
  127  15:22  Command Center  
  127  15:23  Supply Depot  
  127  15:33  Banshee, Supply Depot  
  130  15:44  Supply Depot  
  130  15:51  Terran Vehicle And Ship Armor Level 2, Cyclone  
  132  16:15  Banshee  
  111  16:23  Cyclone  
  62  16:50  Marine x2  
  58  16:55  Cyclone  
  58  16:58  Banshee  
  58  17:07  Marine  
  58  17:08  Marine  
  57  17:22  Missile Turret  
  57  17:24  Liberator  
  57  17:25  Marine x2  
  57  17:27  Terran Infantry Armor Level 3, Cyclone  
  62  17:32  Missile Turret  
  62  17:43  Marine x2  
  67  17:59  Cyclone  
  67  18:01  Marine x2  
  72  18:05  SCV  
  72  18:07  Terran Vehicle Weapons Level 3, Liberator  
  73  18:17  Command Center  
  73  18:18  SCV  
  77  18:30  SCV  
  77  18:31  Cyclone  
  81  18:42  SCV  
  82  18:50  Liberator  
  82  18:54  SCV  
  83  19:03  Thor  
  92  19:32  Liberator  
  94  19:46  Thor  
  94  19:49  Marine x2  
  103  20:07  Marine x2  
  105  20:15  Liberator  
  105  20:19  SCV  
  106  20:23  SCV  
  106  20:25  Marine x2  
  109  20:29  Thor  
  109  20:31  SCV  
  119  20:35  SCV  
  120  20:42  Marine  
  120  20:43  Marine  
  120  20:48  SCV  
  123  20:58  Liberator  
  123  21:00  SCV  
  124  21:08  Terran Vehicle And Ship Armor Level 3  
  124  21:11  Thor  
  124  21:12  SCV  
  134  21:38  Marine x2  
  136  21:55  Cyclone  
  136  21:56  Refinery, Marine x2  
  136  21:58  Viking  
  136  21:59  Refinery  
  143  22:05  Refinery  
  143  22:08  Refinery  
  143  22:14  Marine x2  
  145  22:27  Cyclone  
  145  22:28  Viking  
  150  22:32  Marine x2  
  152  22:41  Liberator  
  152  22:56  SCV  
  156  23:07  Thor  
  156  23:08  SCV  
  156  23:09  Marine  
  156  23:10  Marine  
  165  23:23  Supply Depot  
  165  23:27  Marine  
  165  23:28  Missile Turret, Marine  
  165  23:32  Missile Turret  
  167  23:45  Marine  
  167  23:46  Marine  
  169  23:51  Missile Turret  
  169  23:52  Supply Depot  
  169  24:02  Marine  
  169  24:04  Marine  
  171  24:12  Sensor Tower  
  171  24:24  Missile Turret  
  171  24:30  Supply Depot  
Tags
 
Add a new tag
Caveats
  • Supply blocks, unpowered buildings, or Contaminate may cause inaccurate times.
  • Supply counts are checked every 10 seconds.